 Dungeon Crawl Stone Soup version 0.28.0 (console) character file.

Game seed: 6148235928699519723

203 ryathie the Chopper (level 5, 0/60 HPs)
             Began as a Demigod Wanderer on Feb 5, 2022.
             Slain by Natasha (12 damage)
             ... on level 3 of the Dungeon.
             The game lasted 00:09:37 (4310 turns).

ryathie the Chopper (Demigod Wanderer)              Turns: 4310, Time: 00:09:38

Health: 0/60       AC: 22    Str: 18    XL:     5   Next: 26%
Magic:  7/7        EV:  2    Int: 13    God:
Gold:   148        SH:  0    Dex: 13    Spells: 4/4 levels left

rFire   . . .      SeeInvis .   a - +0 hand axe
rCold   . . .      Faith    .   (no shield)
rNeg    . . .      Spirit   .   (armour currently unavailable)
rPois   +          Reflect  .   (helmet currently unavailable)
rElec   .          Harm     .   (cloak currently unavailable)
rCorr   .          Rampage  .   (gloves currently unavailable)
Will    .....      NoTele   +   (boots currently unavailable)
Stlth   +.........              (no amulet)
HPRegen 0.20/turn               (no ring)
MPRegen 0.10/turn               (no ring)

@: tree-form (expiring)
A: stationary, stasis, torment immunity, boosted hp, high MP 1, forlorn, divine
attributes
a: no special abilities


You were on level 3 of the Dungeon.
You were a tree.
You visited 1 branch of the dungeon, and saw 3 of its levels.

You collected 148 gold pieces.

Inventory:

Hand Weapons
 a - a +0 hand axe (weapon)
 c - a +7 dagger of venom
Armour
 b - a +0 chain mail (melded)
 d - a +0 cloak (melded)
 h - the +0 pair of gloves of Conscience (melded) {rN++ Int+6 Stlth-}
   (You found it on level 2 of the Dungeon)

   Int:       It affects your intelligence (+6).
   rN:        It greatly protects you from negative energy.
   Stlth:     It makes you less stealthy.
 k - a +0 pair of boots (melded)
 m - a +0 helmet (melded)
Scrolls
 g - a scroll of amnesia
 i - a scroll of identify
 j - a scroll of magic mapping {unknown}
Potions
 e - a potion of haste {unknown}
 f - a potion of curing
 l - a potion of lignification


   Skills:
 - Level 1.0 Fighting
 + Level 5.3 Axes
 - Level 4.5 Armour
 - Level 1.0 Dodging
 - Level 1.0 Evocations


You had 4 spell levels left.
You didn't know any spells.
Your spell library contained the following spells:

 Spells                   Type           Power      Damage    Failure   Level
 Beastly Appendage        Tmut           0%         N/A       30%         1
 Wereblood                Tmut           0%         N/A       43%         2
 Ozocubu's Armour         Ice            0%         N/A       67%         3
 Spider Form              Tmut/Pois      0%         N/A       67%         3
 Conjure Ball Lightning   Conj/Air       0%         3x3d6     100%        6
 Ozocubu's Refrigeration  Ice            0%         4d5       100%        7
 Discord                  Hex            0%         N/A       100%        8
 Disjunction              Tloc           0%         N/A       100%        8


Dungeon Overview and Level Annotations

Branches:
Dungeon (3/15)

Annotations:
D:3 Natasha


Innate Abilities, Weirdness & Mutations

You are a tree.
Your roots penetrate the ground, keeping you stationary.
You cannot be teleported.
You are immune to unholy pain and torment.
Your maximum health is greatly increased.
Your equipment is partially melded.
You have an increased reservoir of magic. (+10% MP)
You shall have no god before yourself.
Your divine heritage dramatically boosts your attributes as you level up.


Message History

Natasha claws you.
* * * LOW HITPOINT WARNING * * *
You barely miss Natasha.
Natasha is almost dead.
Natasha stares at you and mumbles some strange words.
You resist with some effort. Natasha claws you.
* * * LOW HITPOINT WARNING * * *
You feel better.
The white imp disappears in a puff of smoke!
Natasha claws you!
* * * LOW HITPOINT WARNING * * *
You feel better.
Natasha stares at you and mumbles some strange words.
You resist with some effort.
You barely miss Natasha.
Natasha is almost dead.
Natasha claws you but does no damage.
You miss Natasha.
Natasha is almost dead.
Natasha claws you but does no damage.
You hit Natasha but do no damage.
Natasha is almost dead.
Natasha claws you.
* * * LOW HITPOINT WARNING * * *
You barely miss Natasha.
Natasha is almost dead.
Natasha claws you.
* * * LOW HITPOINT WARNING * * *
You closely miss Natasha.
Natasha is almost dead.
Natasha claws you but does no damage.
You closely miss Natasha.
Natasha is almost dead.
Your transformation is almost over.
Natasha casts a spell at you.
The magic dart hits you but does no damage.
You barely miss Natasha.
Natasha is almost dead.
Natasha claws you!
You die...

#....##....#....
###.#........#..##
###...#.###....#...)
#...###.#..........# #.###
..#......##..#
#..#####..###.##.....###...
...........................
##########.#############... ...
#♣# ... #... #.# #h# #.# #... #.#
#.# #.# #... #.# #.# #.#.####...
#.# ... #.#........
#########.#############.######...
.......................†.....).[.
#####...<###..#..##.##.....######
###..###.##.###.##>#..##


You could see Natasha (strong).

Vanquished Creatures
  Natasha (twice) (D:3)
  7 gnolls
  A worm (D:3)
  4 orcs (D:3)
  6 endoplasms
  5 giant cockroaches
  16 goblins
  7 hobgoblins
  6 jackals
  2 quokkas
  3 ball pythons
  4 bats
  2 frilled lizards (D:1)
  3 kobolds (D:1)
  3 rats
71 creatures vanquished.

Vanquished Creatures (others)
  A fungus (D:1)
  5 plants (D:1)
6 creatures vanquished.

Grand Total: 77 creatures vanquished

Notes
Turn   | Place    | Note
-------+----------+-------------------------------------------
     0 | D:1      | ryathie the Demigod Wanderer began the quest for the Orb.
     0 | D:1      | ryathie set off with the following items: a +0 hand axe, a
                  | +0 chain mail, a wand of polymorph (3)
     0 | D:1      | Reached XP level 1. HP: 16/16 MP: 3/3
    22 | D:1      | Reached skill level 2 in Axes
   245 | D:1      | Reached XP level 2. HP: 20/23 MP: 4/4
   479 | D:1      | Reached skill level 3 in Axes
  1859 | D:1      | Reached XP level 3. HP: 17/28 MP: 5/5
  2280 | D:2      | Identified the +0 pair of gloves of Conscience {rN++ Int+6
                  | Stlth-}
  2822 | D:1      | Reached skill level 4 in Axes
  2982 | D:1      | Reached XP level 4. HP: 28/35 MP: 6/6
  3902 | D:3      | Noticed Natasha
  4046 | D:3      | Noticed Robin
  4049 | D:3      | Noticed Robin
  4049 | D:3      | Robin changed into Robin the ball python
  4053 | D:3      | Killed Robin the ball python
  4084 | D:3      | Killed Natasha
  4085 | D:3      | Reached skill level 5 in Axes
  4085 | D:3      | Reached XP level 5. HP: 40/40 MP: 7/7
  4122 | D:3      | Noticed Natasha
  4139 | D:3      | Killed Natasha
  4284 | D:3      | Noticed Natasha
  4310 | D:3      | Slain by Natasha

Illustrated notes

Levels and vault maps discovered:
D:1:      sevenhm_arrival_forest_fort_small_3, layout_rooms,
          shapermc_ecumenical_altar_gd, minivault_24, serial_bayou_lake_a
D:2:      layout_loops_ring, grunt_decor_mini_mirrors
D:3:      layout_rooms, mainiacjoe_overflow_paths, roderic_lattice_a,
          minmay_goblin_kobold_house, uniq_sigmund, uniq_robin, uniq_natasha

Skill      XL: |  1  2  3  4 |
---------------+-------------+-----
Axes           | 2 3 4 5 |  5.3
Fighting       | |  1.0
Armour         | |  4.5
Dodging        | |  1.0
Evocations     | |  1.0

Action                   |  1- 3 |  4- 6 || total
-------------------------+-------+-------++-------
Melee: Hand axe          |   181 |   124 ||   305
       Punch             |     3 |     1 ||     4
       Unarmed           |       |     2 ||     2
Evoke: Wand              |       |     3 ||     3
  Use: Potion            |       |     4 ||     4
       Scroll            |       |     1 ||     1
Armor: Chain mail        |   127 |    55 ||   182
       Skin              |       |     8 ||     8
Dodge: Dodged            |    59 |    37 ||    96
